 Dungeon Crawl Stone Soup version 0.20.0-8-g6b59dc7 (webtiles) character file.

2739 MDvedh the Cleaver (level 9, -3/62 (63) HPs)
             Began as a Minotaur Chaos Knight on May 31, 2017.
             Slain by a two-headed ogre
             ... wielding a +0 giant club
              (23 damage)
             ... on level 8 of the Dungeon.
             The game lasted 00:10:43 (5997 turns).

MDvedh the Cleaver (Minotaur Chaos Knight)          Turns: 5997, Time: 00:10:43

HP:   -3/62 (63)    AC: 13    Str: 21    XL:     9   Next: 40%
MP:   0/8           EV:  6    Int:  9    God:    Xom [.*....]
Gold: 320           SH:  0    Dex:  9    Spells: 8/8 levels left

rFire    + . .     SeeInvis .   B - +0 war axe
rCold    . . .     Gourm    .   (no shield)
rNeg     . . .     Faith    .   e - +0 plate armour
rPois    +         Spirit   +   (helmet restricted)
rElec    .         Reflect  .   (no cloak)
rCorr    .         Harm     .   y - +2 pair of gloves
MR       .....                  x - +0 pair of boots
Stlth    ..........             z - amulet of guardian spirit
Regen    0.2/turn               (no ring)
MPRegen  0.2/turn               (no ring)

@: very slightly contaminated, invisible
A: retaliatory headbutt, hooves 1, horns 2, yellow scales 1, blink, deformed
body, fire resistance 1, frail 1, sense surroundings 1, poison resistance,
shaggy fur 1
a: Blink, Renounce Religion


You were on level 8 of the Dungeon.
You worshipped Xom.
You were a plaything of Xom.
You were hungry.

You visited 1 branch of the dungeon, and saw 8 of its levels.

You collected 378 gold pieces.
You spent 58 gold pieces at shops.

Inventory:

Hand Weapons
 B - a +0 war axe (weapon)
Armour
 e - a +0 plate armour (worn)
 x - a +0 pair of boots (worn)
 y - a +2 pair of gloves (worn)
Jewellery
 z - an amulet of guardian spirit (around neck)
Wands
 b - a wand of random effects (20/48)
 i - a wand of disintegration (17/24)
 l - a wand of lightning (15/15)
 r - a wand of enslavement (9/24)
 v - a wand of iceblast (4/15)
 D - a wand of iceblast (13/15)
Scrolls
 a - 2 scrolls of remove curse
 f - 4 scrolls of teleportation
 h - 2 scrolls of recharging
 m - 3 scrolls of magic mapping
 p - 2 scrolls of enchant armour
 w - 3 scrolls of identify
Potions
 d - 2 potions of curing
 g - 2 potions of resistance
 k - 4 potions of heal wounds
 n - a potion of lignification
 q - 2 potions of flight
 A - a potion of might {unknown}
Comestibles
 c - 3 bread rations
 j - a royal jelly
 o - 2 meat rations
 t - 4 fruits


   Skills:
 - Level 3.6 Fighting
 + Level 14.9 Axes
 - Level 2.4 Armour
 - Level 1.1 Dodging


You had 8 spell levels left.
You didn't know any spells.

Dungeon Overview and Level Annotations

Branches:
Dungeon (8/15)             Temple (0/1) D:6
   Lair: D:8-11

Altars:
Xom

Shops:
D:4 [


Innate Abilities, Weirdness & Mutations

You reflexively headbutt those who attack you in melee.
You have a pair of horns on your head.
You have large cloven feet.
You are partially covered in yellow scales. (AC +2)
You can translocate small distances at will.
Armour fits poorly on your strangely shaped body.
Your flesh is heat resistant. (rF+)
You are frail. (-10% HP)
You passively map a small area around you.
Your system is resistant to poisons. (rPois)
You are covered in fur. (AC +1)


Message History

Your plate armour prevents you from hitting the orc.
You slash the orc!
You kill the orc!
The adder barely misses you.
The two-headed ogre hits you with a giant club!
The two-headed ogre barely misses you.
Unknown command.
You barely miss the two-headed ogre.
The two-headed ogre is almost dead.
You hit the adder but do no damage.
You strike the helpless orc from behind!
You slash the orc!
You kill the orc!
The adder bites you but does no damage.
You hit the two-headed ogre.
The two-headed ogre is almost dead.
You miss the adder.
The two-headed ogre hits you with a giant club!
The two-headed ogre hits you with a giant club!!
You die...

* ** ....###........ ..
#........ #########
#####.... ........# ,
######.... ,
,........#######.....)...
,
........................
,
........................
....o..))...............
,,
,......O@).......########
......S)#######.# *
........# #.# ........#
#.# ........# #.#
,........# #.# *
######### #.# #.# #.#


You could see a two-headed ogre, an orc wizard and an adder.

Vanquished Creatures
  Sigmund (D:5)
  Grum (D:8)
  Menkaure (D:5)
  A swamp drake (shapeshifter) (D:6)
  A sky beast (D:5)
  An ice beast (D:5)
  4 ogres
  A phantom (D:4)
  A necrophage (D:5)
  3 wolves (D:7)
  A centaur (shapeshifter) (D:4)
  A crocodile (D:6)
  3 bullfrogs
  A scorpion (D:4)
  A water moccasin skeleton (D:7)
  2 howler monkeys
  6 crimson imps
  A centaur skeleton (D:6)
  An orc priest (D:8)
  A gnoll shaman (D:6)
  3 orc wizards
  A bullfrog skeleton (D:6)
  2 iguanas (D:5)
  5 worker ants
  2 hound skeletons
  8 adders
  6 gnolls
  A shadow imp (D:5)
  An adder skeleton (D:4)
  2 worms (D:2)
  2 dart slugs (D:2)
  6 leopard geckos
  13 orcs
  4 bats
  3 giant cockroaches
  6 goblins
  7 hobgoblins
  10 jackals
  2 quokkas
  A ball python (D:6)
  2 frilled lizards (D:3)
  11 kobolds
  7 rats
138 creatures vanquished.

Notes
Turn   | Place    | Note
-------+----------+-------------------------------------------
     0 | D:1      | MDvedh the Minotaur Chaos Knight began the quest for the Orb.
     0 | D:1      | Reached XP level 1. HP: 19/19 MP: 0/0
     1 | D:1      | XOM: harmless Pois miscast
   416 | D:1      | Reached skill level 4 in Axes
   646 | D:2      | Reached XP level 2. HP: 25/26 MP: 1/1
   659 | D:2      | Reached skill level 5 in Axes
   781 | D:2      | Reached XP level 3. HP: 31/31 MP: 2/2
   784 | D:2      | XOM: silly message
   786 | D:2      | XOM: harmless Conj miscast
   801 | D:2      | Reached XP level 4. HP: 34/39 MP: 3/3
   859 | D:2      | Reached skill level 6 in Axes
  1013 | D:2      | XOM: silly message
  1298 | D:2      | XOM: divination: detect items
  1504 | D:3      | XOM: mild Air miscast
  1512 | D:3      | XOM: mild Ice miscast
  1783 | D:3      | Reached skill level 7 in Axes
  1783 | D:3      | Reached XP level 5. HP: 44/45 MP: 4/4
  2189 | D:3      | XOM: mild Tmut miscast
  2237 | D:4      | Noticed an acid dragon
  2237 | D:4      | a worm changed into an acid dragon
  2239 | D:4      | XOM: cast spell 'Olgreb's Toxic Radiance'
  2239 | D:4      | Noticed a centaur
  2239 | D:4      | an acid dragon changed into a centaur
  2242 | D:4      | Killed a centaur
  2249 | D:4      | Reached skill level 8 in Axes
  2261 | D:4      | Reached XP level 6. HP: 44/51 MP: 5/5
  2262 | D:4      | Gained mutation: You are occasionally teleported next to monsters. [mutagenic meat]
  2531 | D:4      | Lost mutation: You are occasionally teleported next to monsters. [potion of mutation]
  2531 | D:4      | Gained mutation: Your system is resistant to poisons. (rPois) [potion of mutation]
  2531 | D:4      | Gained mutation: You are partially covered in yellow scales. (AC +2) [potion of mutation]
  2531 | D:4      | Gained mutation: Your flesh is heat resistant. (rF+) [potion of mutation]
  2531 | D:4      | Gained mutation: You are mostly covered in yellow scales. (AC +3) [potion of mutation]
  2542 | D:4      | XOM: smoke on damage
  2545 | D:4      | Reached skill level 9 in Axes
  2683 | D:4      | Found Soihias's Armour Emporium.
  2694 | D:4      | Bought a +0 pair of boots for 58 gold pieces
  2718 | D:4      | XOM: potion effect (invisibility)
  2744 | D:4      | Reached XP level 7. HP: 31/57 MP: 6/6
  2830 | D:4      | Reached skill level 10 in Axes
  2904 | D:5      | Entered Level 5 of the Dungeon
  3058 | D:5      | Noticed Sigmund
  3105 | D:5      | Killed Sigmund
  3260 | D:5      | Reached skill level 11 in Axes
  3395 | D:5      | XOM: confuse monster(s)
  3418 | D:5      | XOM: noise
  3441 | D:5      | Reached XP level 8. HP: 56/64 MP: 7/7
  3451 | D:5      | XOM: summons 1 hostile demon
  3664 | D:5      | Noticed Menkaure
  3664 | D:5      | XOM: blink monster(s)
  3676 | D:5      | XOM: cleaving
  3679 | D:5      | Killed Menkaure
  3679 | D:5      | Reached skill level 12 in Axes
  3710 | D:5      | XOM: 4-stop teleportation journey
  3923 | D:5      | XOM: divine lightning
  3923 | D:5      | XOM: smoke on damage
  4198 | D:5      | Reached skill level 13 in Axes
  4202 | D:5      | Gained mutation: You are covered in fur. (AC +1) [mutagenic meat]
  4203 | D:5      | Gained mutation: You are frail. (-10% HP) [mutagenic meat]
  4385 | D:6      | Noticed Blork the orc
  4402 | D:6      | XOM: enchant monster (good)
  4406 | D:6      | Blork the orc changed into Blork the swamp drake
  4407 | D:6      | XOM: scenery: create altars
  4421 | D:6      | Gained mutation: You can translocate small distances at will. [mutagenic meat]
  4422 | D:6      | Gained mutation: Armour fits poorly on your strangely shaped body. [mutagenic meat]
  4423 | D:6      | Lost mutation: You are mostly covered in yellow scales. (AC +3) [mutagenic meat]
  4424 | D:6      | Gained mutation: You have large cloven feet. [mutagenic meat]
  4575 | D:6      | XOM: 1-stop teleportation journey
  4582 | D:6      | XOM: give mutation
  4582 | D:6      | Gained mutation: You passively map a small area around you. [Xom's grace]
  4616 | D:6      | Found a staircase to the Ecumenical Temple.
  4766 | D:6      | Reached XP level 9. HP: 41/62 MP: 8/8
  4786 | D:6      | XOM: god gift: wand of iceblast (?/15) {god gift}
  4910 | D:7      | Reached skill level 14 in Axes
  5030 | D:7      | XOM: enchant monster (good)
  5302 | D:7      | XOM: cloud trail
  5411 | D:8      | Noticed Grum
  5646 | D:7      | XOM: god gift: wand of enslavement (?/24) {god gift}
  5860 | D:8      | Killed Grum
  5937 | D:8      | XOM: mild Ice miscast
  5988 | D:8      | Noticed a two-headed ogre
  5997 | D:8      | Slain by a two-headed ogre

Skill      XL: |  1  2  3  4  5  6  7  8  9 |
---------------+----------------------------+-----
Axes           | 4 5 7 8 9 11 13 14 | 14.9
Fighting       | |  3.6
Armour         | |  2.4
Dodging        | |  1.1

Action                   |  1- 3 |  4- 6 |  7- 9 || total
-------------------------+-------+-------+-------++-------
Melee: Hand axe          |    50 |   159 |   255 ||   464
       Headbutt          |     5 |    25 |    49 ||    79
       War axe           |       |       |   187 ||   187
  Use: Scroll            |       |     9 |     4 ||    13
       Potion            |       |     1 |     2 ||     3
 Stab: Invisible         |       |     6 |     4 ||    10
       Petrifying        |       |       |     1 ||     1
       Confused          |       |       |     1 ||     1
       Paralysed         |       |       |     1 ||     1
  Eat: Chunk             |       |     6 |    10 ||    16
       Meat ration       |       |       |     1 ||     1
       Royal jelly       |       |       |     1 ||     1
Armor: Plate armour      |    37 |    94 |   257 ||   388
       Leather armour    |     1 |       |       ||     1
Dodge: Dodged            |    15 |    41 |   125 ||   181
